SNL (28 & UNDER)
SANTA FE DIABLOS @ GAINESVILLE GUIDOS
08/22/2030
 
TOP OF THE 1ST
Santa Fe Diablos batting - Pitching for Gainesville Guidos : RHP Glenn Ellison
Pitching: RHP Glenn Ellison
Batting: LHB David Hernández 0-0: Ball
1-0: Swinging Strike
1-1: Ball
2-1: Swinging Strike
2-2: Strikes out swinging
Batting: LHB Juan Torres 0-0: Called Strike
0-1: Ball
1-1: Called Strike
1-2: Foul Ball, location: 2F
1-2: Foul Ball, location: 2F
1-2: Fly out, F7 (Flyball, 7S)
Batting: RHB Ray Ervin 0-0: Foul Ball, location: 2F
0-1: Foul Ball, location: 2F
0-2: Ball
1-2: Strikes out swinging
Top of the 1st over - 0 runs, 0 hits, 0 errors, 0 left on base; Santa Fe 0 - Gainesville 0
BOTTOM OF THE 1ST
Gainesville Guidos batting - Pitching for Santa Fe Diablos : RHP Domingo Cruz
Pitching: RHP Domingo Cruz
Batting: SHB Manuel Díaz 0-0: Foul Ball, location: 2F
0-1: Swinging Strike
0-2: Ball
1-2: Strikes out swinging
Batting: RHB Doug Coleman 0-0: Ball
1-0: Called Strike
1-1: Fly out, F8 (Flyball, 78M)
Batting: RHB César Castillo 0-0: Ball
1-0: Called Strike
1-1: DOUBLE (Line Drive, 89D)
Batting: SHB Kent Phillips 0-0: Foul Ball, location: 2F
0-1: Foul Ball, location: 2F
0-2: Ball
1-2: Ball
2-2: Foul Ball, location: 2F
2-2: Ball
3-2: Base on Balls
Batting: RHB Adrián López 0-0: Called Strike
0-1: Swinging Strike
0-2: Ball
1-2: Foul Ball, location: 2F
1-2: Ball
2-2: Foul Ball, location: 2F
2-2: SINGLE (Line Drive, 6MD)
César Castillo to third
Kent Phillips to second
Runner from 3rd tries for Home, SAFE, no throw
Batting: SHB José Sousa 0-0: Ball
1-0: Swinging Strike
1-1: Swinging Strike
1-2: Ball
2-2: Hit by Pitch
Kent Phillips to third
Adrián López to second
Batting: RHB León Reynoso 0-0: Ball
1-0: Called Strike
1-1: Swinging Strike
1-2: Foul Ball, location: 2F
1-2: Ball
2-2: Fly out, F9 (Flyball, 9S)
Bottom of the 1st over - 1 run, 2 hits, 0 errors, 3 left on base; Santa Fe 0 - Gainesville 1
TOP OF THE 2ND
Santa Fe Diablos batting - Pitching for Gainesville Guidos : RHP Glenn Ellison
Batting: LHB Arturo Rodledo 0-0: Ball
1-0: Called Strike
1-1: Ball
2-1: Foul Ball, location: 2F
2-2: Foul Ball, location: 2F
2-2: Strikes out swinging
Batting: RHB Flint Todd 0-0: Ground out 5-3 (Groundball, 56)
Batting: RHB Chris Rice 0-0: Foul Ball, location: 2F
0-1: Ground out 4-3 (Groundball, 4)
Top of the 2nd over - 0 runs, 0 hits, 0 errors, 0 left on base; Santa Fe 0 - Gainesville 1
BOTTOM OF THE 2ND
Gainesville Guidos batting - Pitching for Santa Fe Diablos : RHP Domingo Cruz
Batting: RHB Dave Marshall 0-0: Foul Ball, location: 2F
0-1: Ball
1-1: Ball
2-1: Ball
3-1: Foul Ball, location: 2F
3-2: Foul Ball, location: 2F
3-2: Base on Balls
Batting: RHB Ricardo Medina 0-0: Called Strike
0-1: SINGLE (Line Drive, 56D)
Dave Marshall to second
Batting: SHB Manuel Díaz 0-0: Ball
1-0: Called Strike
1-1: Swinging Strike
1-2: Strikes out swinging
Batting: RHB Doug Coleman 0-0: Called Strike
0-1: SINGLE (Line Drive, 78S)
Dave Marshall to third
Ricardo Medina to second
Runner from 3rd tries for Home, SAFE, no throw
Batting: RHB César Castillo 0-0: Called Strike
0-1: Ball
1-1: Called Strike
1-2: Ball
2-2: Strikes out looking
Batting: SHB Kent Phillips 0-0: Called Strike
0-1: Called Strike
0-2: Strikes out swinging
Bottom of the 2nd over - 1 run, 2 hits, 0 errors, 2 left on base; Santa Fe 0 - Gainesville 2
TOP OF THE 3RD
Santa Fe Diablos batting - Pitching for Gainesville Guidos : RHP Glenn Ellison
Batting: RHB Bruce Foley 0-0: Swinging Strike
0-1: Ball
1-1: Called Strike
1-2: Ball
2-2: Ball
3-2: Strikes out swinging
Batting: RHB Luis Mercado 0-0: Swinging Strike
0-1: Called Strike
0-2: Ball
1-2: SINGLE (Groundball, 56D)
Batting: LHB Luis Gallegos 0-0: Called Strike
0-1: Called Strike
0-2: Ball
1-2: Ball
2-2: Strikes out looking
Batting: LHB David Hernández 0-0: Ball
Luis Mercado is caught stealing 2nd base
Top of the 3rd over - 0 runs, 1 hit, 0 errors, 0 left on base; Santa Fe 0 - Gainesville 2
BOTTOM OF THE 3RD
Gainesville Guidos batting - Pitching for Santa Fe Diablos : RHP Domingo Cruz
Batting: RHB Adrián López 0-0: Called Strike
0-1: Fly out, F5 (Popup, 5SF)
Batting: SHB José Sousa 0-0: Called Strike
0-1: Ball
1-1: Ball
2-1: Ball
3-1: Base on Balls
Batting: RHB León Reynoso 0-0: Called Strike
0-1: Foul Ball, location: 2F
0-2: Foul Ball, location: 2F
0-2: Hit by Pitch
José Sousa to second
Batting: RHB Dave Marshall 0-0: Called Strike
0-1: Foul Ball, location: 2F
0-2: Ground out 5-3 (Groundball, 56S)
José Sousa to third
León Reynoso to second
Batting: RHB Ricardo Medina 0-0: Ground out 6-3 (Groundball, 6S)
Bottom of the 3rd over - 0 runs, 0 hits, 0 errors, 2 left on base; Santa Fe 0 - Gainesville 2
TOP OF THE 4TH
Santa Fe Diablos batting - Pitching for Gainesville Guidos : RHP Glenn Ellison
Batting: LHB David Hernández 0-0: Called Strike
0-1: Ball
1-1: Ball
2-1: Foul Ball, location: 2F
2-2: Strikes out swinging
Batting: LHB Juan Torres 0-0: Called Strike
0-1: Swinging Strike
0-2: Strikes out swinging
Batting: RHB Ray Ervin 0-0: Called Strike
0-1: Foul Ball, location: 2F
0-2: Ball
1-2: Ball
2-2: Ball
3-2: Fly out, F4 (Line Drive, 4)
Top of the 4th over - 0 runs, 0 hits, 0 errors, 0 left on base; Santa Fe 0 - Gainesville 2
BOTTOM OF THE 4TH
Gainesville Guidos batting - Pitching for Santa Fe Diablos : RHP Domingo Cruz
Batting: SHB Manuel Díaz 0-0: Ball
1-0: Called Strike
1-1: Ball
2-1: Ball
3-1: Foul Ball, location: 2F
3-2: Base on Balls
Batting: RHB Doug Coleman 0-0: Ball
1-0: SINGLE (Line Drive, 7LS)
Manuel Díaz to second
Pitching: RHP Ron Hannah
Batting: RHB César Castillo 0-0: Ball
1-0: Called Strike
1-1: Ball
2-1: Fielders Choice at 2nd, 4-6 (Groundball, 4)
Manuel Díaz to third
Batting: SHB Kent Phillips 0-0: Ball
1-0: DOUBLE (Line Drive, 9LM)
Manuel Díaz scores
César Castillo to third
Batting: RHB Adrián López 0-0: Swinging Strike
0-1: Swinging Strike
0-2: Ball
1-2: Ball
2-2: Ball
3-2: Strikes out swinging
Batting: SHB José Sousa 0-0: Called Strike
0-1: Ball
1-1: Fly out, F9 (Flyball, 9D)
Bottom of the 4th over - 1 run, 2 hits, 0 errors, 2 left on base; Santa Fe 0 - Gainesville 3
TOP OF THE 5TH
Santa Fe Diablos batting - Pitching for Gainesville Guidos : RHP Glenn Ellison
Batting: LHB Arturo Rodledo 0-0: Ball
1-0: Swinging Strike
1-1: Ball
2-1: Ball
3-1: Called Strike
3-2: SINGLE (Groundball, 34D)
Batting: RHB Flint Todd 0-0: Called Strike
0-1: Foul Ball, location: 2F
0-2: Ball
1-2: Strikes out looking
Batting: RHB Chris Rice 0-0: Ball
1-0: Foul Ball, location: 2F
1-1: Ball
2-1: SINGLE (Groundball, 6MD)
Arturo Rodledo to second
Batting: RHB Bruce Foley 0-0: Ball
1-0: Ball
2-0: Ball
3-0: Base on Balls
Arturo Rodledo to third
Chris Rice to second
Batting: RHB Luis Mercado 0-0: Ball
1-0: Swinging Strike
1-1: Foul Ball, location: 2F
1-2: Ball
2-2: Foul Ball, location: 2F
2-2: Fly out, F7 (Flyball, 7S)
Batting: LHB Luis Gallegos 0-0: Foul Ball, location: 2F
0-1: Swinging Strike
0-2: Ball
1-2: Ball
2-2: Strikes out swinging
Top of the 5th over - 0 runs, 2 hits, 0 errors, 3 left on base; Santa Fe 0 - Gainesville 3
BOTTOM OF THE 5TH
Gainesville Guidos batting - Pitching for Santa Fe Diablos : RHP Ron Hannah
Batting: RHB León Reynoso 0-0: Called Strike
0-1: Ball
1-1: Foul Ball, location: 2F
1-2: Strikes out swinging
Batting: RHB Dave Marshall 0-0: Called Strike
0-1: Ball
1-1: Ball
2-1: Ball
3-1: Base on Balls
Batting: RHB Ricardo Medina 0-0: Ball
1-0: Ball
2-0: SINGLE (Groundball, 56S) (infield hit)
Dave Marshall to second
Batting: SHB Manuel Díaz 0-0: Ball
1-0: Called Strike
1-1: Foul Ball, location: 2F
1-2: Ball
2-2: Fly out, F7 (Flyball, 7)
Batting: RHB Doug Coleman 0-0: Ball
1-0: Foul Ball, location: 2F
1-1: Foul Ball, location: 2F
1-2: Foul Ball, location: 2F
1-2: Strikes out swinging
Bottom of the 5th over - 0 runs, 1 hit, 0 errors, 2 left on base; Santa Fe 0 - Gainesville 3
TOP OF THE 6TH
Santa Fe Diablos batting - Pitching for Gainesville Guidos : RHP Glenn Ellison
Batting: LHB David Hernández 0-0: Called Strike
0-1: Foul Ball, location: 2F
0-2: Hit by Pitch
Pitching: RHP Tim Lyons
Batting: LHB Juan Torres 0-0: Ball
1-0: Called Strike
1-1: Foul Ball, location: 2F
1-2: Ball
2-2: Ball
3-2: Foul Ball, location: 2F
3-2: Foul Ball, location: 2F
3-2: Foul Ball, location: 2F
3-2: Ground out U3 (Groundball, 3)
David Hernández to second
Batting: RHB Ray Ervin 0-0: Ball
1-0: Reached on error, E6 (Groundball, 6)
David Hernández to third
Batting: LHB Arturo Rodledo 0-0: Foul Ball, location: 2F
0-1: Called Strike
0-2: Fly out, F6 (Line Drive, 6MD)
Batting: RHB Flint Todd 0-0: Ball
1-0: Called Strike
1-1: Called Strike
1-2: Strikes out swinging
Top of the 6th over - 0 runs, 0 hits, 1 error, 2 left on base; Santa Fe 0 - Gainesville 3
BOTTOM OF THE 6TH
Gainesville Guidos batting - Pitching for Santa Fe Diablos : RHP Ron Hannah
Batting: RHB César Castillo 0-0: Ball
1-0: Called Strike
1-1: Swinging Strike
1-2: Ball
2-2: Strikes out looking
Batting: SHB Kent Phillips 0-0: Swinging Strike
0-1: Ball
1-1: Foul Ball, location: 2F
1-2: Foul Ball, location: 2F
1-2: Ball
2-2: Strikes out swinging
Batting: RHB Adrián López 0-0: Ground out 5-3 (Groundball, 56)
Bottom of the 6th over - 0 runs, 0 hits, 0 errors, 0 left on base; Santa Fe 0 - Gainesville 3
TOP OF THE 7TH
Santa Fe Diablos batting - Pitching for Gainesville Guidos : RHP Tim Lyons
Batting: RHB Chris Rice 0-0: Ball
1-0: Fly out, F6 (Popup, 56D)
Batting: RHB Bruce Foley 0-0: Called Strike
0-1: Foul Ball, location: 2F
0-2: Strikes out looking
Batting: RHB Luis Mercado 0-0: Ball
1-0: Ball
2-0: Called Strike
2-1: Called Strike
2-2: SINGLE (Groundball, 56D)
Pitching: LHP Anthony Robinson
Batting: LHB Luis Gallegos 0-0: Ball
1-0: Ball
2-0: Called Strike
2-1: Ball
Luis Mercado steals 2nd base
3-1: Called Strike
3-2: Foul Ball, location: 2F
3-2: Strikes out looking
Top of the 7th over - 0 runs, 1 hit, 0 errors, 1 left on base; Santa Fe 0 - Gainesville 3
BOTTOM OF THE 7TH
Gainesville Guidos batting - Pitching for Santa Fe Diablos : RHP Ron Hannah
Batting: SHB José Sousa 0-0: Called Strike
0-1: Ball
1-1: Foul Ball, location: 2F
1-2: Fly out, F4 (Popup, 4D)
Batting: RHB León Reynoso 0-0: Ball
1-0: Called Strike
1-1: Called Strike
1-2: Strikes out swinging
Batting: RHB Dave Marshall 0-0: Foul Ball, location: 2F
0-1: Ball
1-1: Ground out 6-3 (Groundball, 6)
Bottom of the 7th over - 0 runs, 0 hits, 0 errors, 0 left on base; Santa Fe 0 - Gainesville 3
TOP OF THE 8TH
Santa Fe Diablos batting - Pitching for Gainesville Guidos : LHP Anthony Robinson
Batting: LHB David Hernández 0-0: Called Strike
0-1: Ground out 6-3 (Groundball, 6S)
Batting: LHB Juan Torres 0-0: Ball
1-0: Swinging Strike
1-1: Foul Ball, location: 2F
1-2: Ball
2-2: SOLO HOME RUN (Flyball, 9LD), Distance : 355 ft
Pitching: RHP Pat Hanna
Batting: RHB Ray Ervin 0-0: Ball
1-0: SINGLE (Groundball, 56D)
Pinch Runner at 1st Carl O'Dell:
Batting: LHB Arturo Rodledo 0-0: Ball
1-0: Swinging Strike
1-1: Ball
2-1: Ball
3-1: Foul Ball, location: 2F
3-2: Fly out, F8 (Flyball, 89D)
Batting: RHB Flint Todd 0-0: Called Strike
0-1: Ball
1-1: Fielders Choice at 2nd, 6-4 (Groundball, 56)
Top of the 8th over - 1 run, 2 hits, 0 errors, 1 left on base; Santa Fe 1 - Gainesville 3
BOTTOM OF THE 8TH
Gainesville Guidos batting - Pitching for Santa Fe Diablos : RHP Ron Hannah
Batting: RHB Ricardo Medina 0-0: Ball
1-0: Called Strike
1-1: Ground out 6-3 (Groundball, 6)
Batting: SHB Manuel Díaz 0-0: Ball
1-0: Ball
2-0: Called Strike
2-1: Called Strike
2-2: Foul Ball, location: 2F
2-2: Strikes out swinging
Batting: RHB Doug Coleman 0-0: SINGLE (Line Drive, 8LS)
Batting: RHB César Castillo 0-0: Called Strike
0-1: Foul Ball, location: 2F
0-2: Ball
1-2: Foul Ball, location: 2F
1-2: Strikes out swinging
Bottom of the 8th over - 0 runs, 1 hit, 0 errors, 1 left on base; Santa Fe 1 - Gainesville 3
TOP OF THE 9TH
Santa Fe Diablos batting - Pitching for Gainesville Guidos : RHP Pat Hanna
Pitching: RHP Juan Arreola
Batting: RHB Chris Rice 0-0: Called Strike
0-1: Called Strike
0-2: Ball
1-2: Foul Ball, location: 2F
1-2: Strikes out swinging
Batting: RHB Bruce Foley 0-0: Ground out 6-3 (Groundball, 6)
Batting: RHB Luis Mercado 0-0: Swinging Strike
0-1: Ball
1-1: Called Strike
1-2: Strikes out swinging
Top of the 9th over - 0 runs, 0 hits, 0 errors, 0 left on base; Santa Fe 1 - Gainesville 3
Saturday, April 7th, 2018 - OOTP Baseball 18.8 Build 76